Unix NetHack Version 5.0.0-0 post-release - last build May 23 2026 06:08:33 (1c0ff79ee797540d5714e4e18072db0edd9e58ae,branch:main).

Game began 2026-05-27 16:20:04, ended 2026-05-27 16:25:40.

DaveT, lawful male human Priest

                             ------
                             |.....
                             |....|                            --------------
                             .....|           -----------      |............|
                             |..|..#          |..........     #....%....(...|
                             |....|######### #|.........|     #|............|
                             ---.--        ###..........|     #|............|
                               ##            #---------.-     #--------|-----
                               #                       #     ##      ###
                               #                      ##    ##      ##
                            ---.---------             ###   #   #####
                            |.....r.!...|              #   ##   #
                            |.rrrrr.....|              #   ##   #
                            |..r@r......|              #   ##  -.---
                            |..rrr......|              #   ##  |..`|
                            -------------            --.---##  |.<.|
                                                     |..{.|####.`..|
                                                     |>...-#   -----
                                                     ------

DaveT the Acolyte            St:18 Dx:11 Co:11 In:12 Wi:15 Ch:10  Lawful
Dlvl:3  $:51 HP:0(20) Pw:26(26) AC:0  Xp:3 T:1219  Stressed

Latest messages:
 The wererat bites!
 The wererat misses!
 You hit the wererat!
 The wererat bites!
 The wererat bites!
 You miss the wererat.
 The wererat summons help!
 A sewer rat suddenly appears next to you!
 The wererat bites!
 The sewer rat misses!
 The wererat bites!
 Are you sure you want to pray? [yn] (n) y
 You begin praying to Quetzalcoatl.
 You are surrounded by a shimmering light.
 The sewer rat starts to attack you, but pulls back.
 The wererat summons help!
 A sewer rat suddenly appears next to you!
 A sewer rat suddenly appears next to you!
 A sewer rat suddenly appears next to you!
 A sewer rat suddenly appears next to you!
 A sewer rat suddenly appears next to you!
 The wererat starts to attack you, but pulls back.
 The sewer rat starts to attack you, but pulls back.
 The sewer rat starts to attack you, but pulls back.
 The sewer rat starts to attack you, but pulls back.
 The sewer rat starts to attack you, but pulls back.
 The sewer rat starts to attack you, but pulls back.
 The sewer rat starts to attack you, but pulls back.
 The wererat summons help!
 A sewer rat suddenly appears next to you!
 A sewer rat suddenly appears close by!
 A sewer rat suddenly appears close by!
 A sewer rat suddenly appears close by!
 The wererat starts to attack you, but pulls back.
 The sewer rat starts to attack you, but pulls back.
 The sewer rat starts to attack you, but pulls back.
 The sewer rat starts to attack you, but pulls back.
 The sewer rat starts to attack you, but pulls back.
 The sewer rat starts to attack you, but pulls back.
 The sewer rat starts to attack you, but pulls back.
 The sewer rat starts to attack you, but pulls back.
 The wererat starts to attack you, but pulls back.
 You finish your prayer.
 You feel that Quetzalcoatl is well-pleased.
 The sewer rat bites!
 The sewer rat bites!
 The sewer rat bites!
 You die...
 Do you want your possessions identified? [ynq] (y) y
 Do you want to see your attributes? [ynq] (y) q

Inventory:
 Coins    ('$')
  $ - 51 gold pieces
 Weapons  (')')
  s - 6 cursed -2 darts
  E - 7 +0 shuriken
  D - a +0 orcish dagger
  a - a blessed +1 mace (weapon in right hand)
  H - a cursed +0 silver saber
 Armor    ('[')
  A - a +3 orcish helm
  G - a +0 pair of high boots (being worn)
  c - a blessed +0 small shield (being worn)
  b - a +0 robe (being worn)
  p - a +0 chain mail (being worn)
 Comestibles  ('%')
  e - a clove of garlic
  B - 2 cream pies
  k - 2 food rations
  C - a pancake
  f - a sprig of wolfsbane
 Scrolls  ('?')
  w - a scroll of amnesia
  v - a scroll of light
 Spellbooks  ('+')
  h - a spellbook of detect food
  g - a spellbook of healing
  l - a spellbook of healing
  x - a spellbook of light
 Potions  ('!')
  i - a potion of acid
  r - a potion of confusion
  z - a cursed potion of healing
  u - a cursed potion of paralysis
  y - a potion of speed
  d - 4 potions of holy water
 Wands    ('/')
  n - a wand of magic missile (0:6)
 Tools    ('(')
  o - a brass lantern
  q - a +0 pick-axe
 Gems/Stones  ('*')
  F - a worthless piece of blue glass
  t - a cursed worthless piece of blue glass
  m - a worthless piece of yellowish brown glass

DaveT the Priest's attributes:

Background:
 You were an Acolyte, a level 3 human Priest.
 You were lawful, on a mission for Quetzalcoatl
 who was opposed by Camaxtli (neutral) and Huhetotl (chaotic).
 You were right-handed.
 You were in the Dungeons of Doom, on level 3.
 You entered the dungeon 1219 turns ago.
 You had 51 experience points, 29 more were needed to attain level 4.

Basics:
 You had 0 out of 20 hit points.
 You had all 26 energy points (spell power).
 Your armor class was 0.
 Your wallet contained 51 zorkmids.
 Autopickup was off.

Final Characteristics:
 Your strength was 18 (limit:18/100).
 Your dexterity was 11 (base:12, limit:18).
 Your constitution was 11 (limit:18).
 Your intelligence was 12 (limit:18).
 Your wisdom was 15 (limit:18).
 Your charisma was 10 (limit:18).

Final Status:
 You were trapped in a bear trap.
 You had a wounded left leg.
 You weren't hungry.
 You were stressed; movement was moderately slowed.
 You were wielding a mace.
 You had basic skill with mace.

Final Attributes:
 You were devoutly aligned.
 You were guarded.
 Your spell casting was impaired by metallic armor, mitigated by your robe.
 You are dead.

Miscellaneous:
 You didn't encounter any bones levels.
 Total elapsed playing time was 5 minutes and 35 seconds.

Major events:
 Turn
    1: DaveT the lawful human Priest entered the dungeon
 1048: attained the rank of Acolyte (level 3)
 1219: killed by a sewer rat

Spells:
 Name                 Level Category     Fail Retention
 healing                1   healing       27%  76%-100%
 detect food            2   divination    96%  76%-100%
 light                  1   clerical      42%  91%-100%

Skills:
 Fighting Skills
   bare handed combat [Unskilled]
 Weapon Skills
   club               [Unskilled]
   mace               [Basic]
   morning star       [Unskilled]
   flail              [Unskilled]
   hammer             [Unskilled]
   quarterstaff       [Unskilled]
   polearms           [Unskilled]
   spear              [Unskilled]
   trident            [Unskilled]
   lance              [Unskilled]
   bow                [Unskilled]
   sling              [Unskilled]
   crossbow           [Unskilled]
   dart               [Unskilled]
   shuriken           [Unskilled]
   boomerang          [Unskilled]
   unicorn horn       [Unskilled]
 Spellcasting Skills
   healing spells     [Unskilled]
   divination spells  [Unskilled]
   clerical spells    [Basic]

Voluntary challenges:
 Character rerolling was not enabled.
 You never genocided any monsters.
 You never polymorphed an object.
 You never changed form.
 You used no wishes.
Achievement:
 You attained the rank of Acolyte.

 The Dungeons of Doom: levels 1 to 4
    Level 1:
    Level 2:
       A fountain.
    Level 3: <- You were here.
       A fountain, a grave.
       Final resting place for
          you, killed by a sewer rat.
    Level 4:


Vanquished creatures:
 an acid blob
  a giant rat
  2 yellow molds
  a red mold
  a gecko
  3 jackals
  a fox
  2 goblins
  a sewer rat
  2 grid bugs
  2 lichens
  3 newts
20 creatures vanquished.

No species were genocided or became extinct.

Game over:
                       ----------
                      /          \
                     /    REST    \
                    /      IN      \
                   /     PEACE      \
                  /                  \
                  |      DaveT       |
                  |      51 Au       |
                  |   killed by a    |
                  |    sewer rat     |
                  |                  |
                  |                  |
                  |       2026       |
                 *|     *  *  *      | *
        _________)/\\_//(\/(/\)/\//\/|_)_______

Goodbye DaveT the Priest...

You died in The Dungeons of Doom on dungeon level 3 with 410 points,
and 51 pieces of gold, after 1219 moves.
You were level 3 with a maximum of 20 hit points when you died.

